 Dungeon Crawl Stone Soup version 0.29.1-4-g47bece8355 (webtiles) character file.

Game seed: 17611763192359753414

4396 venomsnake the Cleaver (level 10, 0/91 HPs)
             Began as a Minotaur Berserker on Dec 9, 2022.
             Was an Elder of Trog.
             Slain by a troll (5 damage)
             ... on level 9 of the Dungeon.
             The game lasted 00:37:33 (11435 turns).

venomsnake the Cleaver (Minotaur Berserker)        Turns: 11435, Time: 00:37:34

Health: 0/91       AC: 14    Str: 26    XL:     10   Next: 13%
Magic:  3/3        EV: 10    Int:  4    God:    Trog [****..]
Gold:   399        SH:  8    Dex: 10    Spells: 9/9 levels left

rFire   . . .      SeeInvis +   J - +2 war axe (antimagic)
rCold   . . .      Faith    .   j - +0 buckler
rNeg    . . .      Spirit   .   A - +0 chain mail
rPois   .          Reflect  +   (helmet restricted)
rElec   .          Harm     .   l - +0 cloak
rCorr   .          Rampage  .   (no gloves)
Will    .....                   e - +0 pair of boots
Stlth   ..........              G - amulet of reflection
HPRegen 0.25/turn               w - ring of see invisible
MPRegen 0.08/turn               d - ring of flight

@: flying
A: horns 2, retaliatory headbutt
a: Renounce Religion, Berserk, Trog's Hand, Brothers in Arms


You were on level 9 of the Dungeon.
You worshipped Trog.
Trog was greatly pleased with you.
You visited 1 branch of the dungeon, and saw 9 of its levels.

You collected 399 gold pieces.

Inventory:

Hand Weapons
 J - a +2 antimagic war axe (weapon)
Missiles
 r - 65 stones (quivered)
Armour
 e - a +0 pair of boots (worn)
 j - a +0 buckler (worn)
 l - a +0 cloak (worn)
 A - a +0 chain mail (worn)
Jewellery
 d - a ring of flight (right hand)
 w - a ring of see invisible (left hand)
 C - a ring of protection from cold
 G - an amulet of reflection (around neck)
Wands
 i - a wand of acid (20)
 x - a wand of flame (28)
 z - a wand of digging (5)
 E - a wand of paralysis (5)
Scrolls
 b - 5 scrolls of teleportation
 c - a scroll of enchant weapon {unknown}
 h - 4 scrolls of poison
 n - a scroll of vulnerability {unknown}
 u - 3 scrolls of butterflies
 v - a scroll of blinking
 y - a scroll of immolation {unknown}
 D - a scroll of silence {unknown}
 F - a scroll of enchant armour {unknown}
 H - a scroll of identify
 I - a scroll of amnesia {unknown}
Potions
 a - a potion of invisibility {unknown}
 f - 2 potions of brilliance
 g - 3 potions of heal wounds
 k - 2 potions of ambrosia
 m - 5 potions of haste
 o - 6 potions of curing
 p - 4 potions of might
 q - 4 potions of mutation
 s - a potion of flight {unknown}
 t - 4 potions of attraction
 B - 2 potions of degeneration {unknown}


   Skills:
 + Level 9.6 Fighting
 + Level 9.6 Axes
 + Level 9.2 Armour
 + Level 8.4 Dodging


You had 9 spell levels left.
You didn't know any spells.
Your spell library was empty.

Dungeon Overview and Level Annotations

Branches:
Dungeon (9/15)             Temple (0/1) D:5
   Lair: D:8-11         Orc: D:9-12

Altars:
Elyvilon
Gozag
Xom
Zin
Jiyva

Shops:
D:3 =   D:5 =   D:6 *

Annotations:
D:8 3 runed translucent doors, fantasyman's ghost, novice DgFi


Innate Abilities, Weirdness & Mutations

You have a pair of horns on your head.
You reflexively headbutt those who attack you in melee.


Message History

The troll claws you! The troll claws you.
An orc wizard comes into view. It is wielding a +0 dagger.
The troll attacks as you move away! You block the troll's attack.
The troll closely misses you. x2
There is a stone staircase leading up here.
You are too injured to fight recklessly!
You are too injured to fight recklessly!
You are too injured to fight recklessly!
You hit the troll.
You headbutt the troll, but do no damage.
The troll is heavily wounded.
You block the troll's attack. x2; The troll claws you.
You hit the troll but do no damage. Your headbutt misses the troll.
The troll is moderately wounded.
You slash the orc!
You kill the orc!
Trog accepts your kill. The troll bites you! The troll claws you!
The troll claws you.
You slice the troll!!
The troll is almost dead.
The troll bites you. The troll closely misses you.
You block the troll's attack. x2; The troll barely misses you.
The troll claws you!
* * * LOW HITPOINT WARNING * * *
You hit the troll but do no damage. You headbutt the troll.
The troll is almost dead.
The troll bites you.
* * * LOW HITPOINT WARNING * * *
The troll claws you!
* * * LOW HITPOINT WARNING * * *
The troll claws you but does no damage. The troll attacks as you move away!
The troll bites you but does no damage. The troll claws you but does no damage.
The troll closely misses you. The troll attacks as you move away!
You block the troll's attack.
The troll claws you but does no damage. x2
A skeletal warrior comes into view. It is wielding a +0 short sword.
You barely miss the troll. Your headbutt misses the troll.
The troll is severely wounded.
The troll bites you.
You die...

#..........###.#
#.########.###.##
#.#######..)#<..####
#.........<........
...#####..........#
..###.#.#.#.#..#
#.......)...#..#
####...T..#.#..######
#..#@###.........#
........###.#..####.#
####.......^...# #.#
#.######<##)# #.#
...######|##.# ##.##
.........))##.. ...
..z....>....##### #.#
##.#.#####.########.##
#..zz.......#


You could see a skeletal warrior and a troll.

Vanquished Creatures
  A two-headed ogre (D:8)
  A shadow (D:9)
  A wyvern (D:9)
  A steam dragon (D:7)
  2 water moccasins
  3 ogres
  2 orc warriors
  3 ice beasts
  2 black bears
  4 centaurs
  Blork the orc (D:6)
  3 bullfrogs
  A gnoll sergeant (D:7)
  A necrophage (D:5)
  A scorpion (D:5)
  7 wights
  3 howler monkeys (D:8)
  6 hounds
  2 jellies (D:5)
  4 orc priests
  Jessica (D:2)
  A gnoll bouda (D:4)
  3 iguanas
  8 orc wizards
  Robin (D:2)
  4 adders
  10 gnolls
  A shadow imp (D:5)
  3 white imps (D:7)
  2 ufetubi
  A worm (D:4)
  A dart slug (D:1)
  25 orcs
  3 bats (D:3)
  8 endoplasms
  2 giant cockroaches
  16 goblins
  8 hobgoblins
  10 jackals
  3 quokkas
  11 ball pythons
  3 frilled lizards (D:2)
  10 kobolds
  2 rats (D:1)
  2 butterflies (D:4)
188 creatures vanquished.

Vanquished Creatures (others)
  A phantom (D:7)
  A jelly (D:7)
2 creatures vanquished.

Grand Total: 190 creatures vanquished

Notes
Turn   | Place    | Note
-------+----------+-------------------------------------------
     0 | D:1      | venomsnake the Minotaur Berserker began the quest for the
                  | Orb.
     0 | D:1      | Reached XP level 1. HP: 19/19 MP: 0/0
   130 | D:1      | Found a faded altar of an unknown god.
   229 | D:1      | Reached XP level 2. HP: 25/27 MP: 1/1
   714 | D:1      | Reached ** piety under Trog
   715 | D:1      | Reached XP level 3. HP: 33/33 MP: 2/2
  1449 | D:2      | Noticed Jessica
  1457 | D:2      | Killed Jessica
  1458 | D:2      | Reached XP level 4. HP: 8/41 MP: 3/3
  1786 | D:2      | Found an opulent altar of Gozag.
  1787 | D:2      | Noticed Robin
  1922 | D:2      | HP: 2/61 [Robin/+4 spear of distortion (5)]
  1923 | D:2      | Killed Robin
  3203 | D:3      | Found Wicauthrer's Jewellery Shoppe.
  3537 | D:4      | Found a shimmering altar of Xom.
  3563 | D:4      | Reached XP level 5. HP: 26/47 MP: 4/4
  4009 | D:4      | Reached skill level 5 in Fighting
  4009 | D:4      | Reached skill level 5 in Axes
  4109 | D:4      | Reached *** piety under Trog
  4192 | D:4      | Noticed an ogre
  4203 | D:4      | Reached XP level 6. HP: 6/56 MP: 5/5
  4215 | D:4      | HP: 2/56 [gnoll/+0 halberd[a gnoll bouda] (4)]
  4822 | D:4      | Found a glowing silver altar of Zin.
  5010 | D:5      | Entered Level 5 of the Dungeon
  5023 | D:5      | Found Xudasul's Jewellery Shop.
  5133 | D:5      | Reached skill level 5 in Armour
  5133 | D:5      | Reached XP level 7. HP: 12/62 MP: 6/6
  5416 | D:5      | Found a staircase to the Ecumenical Temple.
  5642 | D:5      | Reached skill level 5 in Dodging
  6603 | D:5      | Reached XP level 8. HP: 51/71 MP: 7/7
  6769 | D:6      | Noticed Blork the orc
  6777 | D:6      | Killed Blork the orc
  6877 | D:6      | Found Inuk's Assorted Antiques.
  7649 | D:6      | HP: 4/102 [wight/+5 morningstar of freezing (4)]
  8082 | D:6      | HP: 1/90 [wight/+5 great sword (5)]
  8847 | D:7      | Reached XP level 9. HP: 55/81 MP: 8/8
  9260 | D:7      | Reached **** piety under Trog
  9891 | D:8      | Found a runed translucent gate.
  9892 | D:8      | Found a runed translucent gate.
  9892 | D:8      | Found a runed translucent gate.
  9893 | D:8      | Noticed fantasyman's ghost (novice DgFi)
  9997 | D:8      | Found a viscous altar of Jiyva.
 10328 | D:8      | Noticed a two-headed ogre
 10570 | D:8      | Killed a two-headed ogre
 11032 | D:8      | Found a white marble altar of Elyvilon.
 11142 | D:9      | Reached XP level 10. HP: 91/91 MP: 3/9
 11429 | D:9      | HP: 3/91 [troll (11)]
 11434 | D:9      | Noticed a skeletal warrior
 11435 | D:9      | Slain by a troll

Illustrated notes

Levels and vault maps discovered:
D:1:      scummos_arrival_forest, layout_basic, shapermc_ecumenical_altar_venn
D:2:      layout_basic, basic_altar, uniq_jessica, uniq_robin
D:3:      layout_loops_corners, serial_shops, shop, grunt_ministairs_12
D:4:      layout_loops_ring, lemuel_tele_altar, xom_butterflies,
          minmay_misc_feat_pillars
D:5:      layout_basic, minmay_temple_entry_mist, serial_shops,
          nicolae_square_shop, due_unseen_surprise
D:6:      layout_basic, serial_shops, shop, hangedman_glass_teeth,
          kennysheep_nondescript, corexii_checkpoint_a, uniq_blork_the_orc
D:7:      lemuel_ice_spiral_2, layout_rooms, enter_bailey_2,
          hangedman_decor_peaks_small
D:8:      layout_rooms, mainiacjoe_overflow_brackets, gammafunk_ghost_ooze,
          kennysheep_decorative_pillar
D:9:      layout_loops_ring, erik_lair_dragon, corexii_leaking_fountain,
          serial_park_tiny_1

Skill      XL: |  1  2  3  4  5  6  7  8  9 |
---------------+----------------------------+-----
Fighting       | 4 5 6 8 9 |  9.6
Axes           | 4 5 6 8 9 |  9.6
Armour         | 3 4 5 6 7 9 |  9.2
Dodging        | 3 4 5 6 8 |  8.4

Action                   |  1- 3 |  4- 6 |  7- 9 | 10-12 || total
-------------------------+-------+-------+-------+-------++-------
Melee: Hand axe          |    56 |   155 |   133 |       ||   344
       Headbutt          |     9 |    24 |    46 |     5 ||    84
       War axe           |       |       |   133 |    26 ||   159
Invok: Berserk           |       |     2 |     2 |       ||     4
Evoke: Wand              |       |       |     1 |       ||     1
  Use: Scroll            |       |       |    12 |       ||    12
Armor: Animal skin       |     1 |       |       |       ||     1
       Ring mail         |    17 |    42 |       |       ||    59
       Chain mail        |       |     5 |   121 |    16 ||   142
Dodge: Dodged            |    28 |   119 |   124 |    16 ||   287
Block: Buckler           |     1 |    21 |    80 |    12 ||   114
       Reflection        |       |       |     1 |     2 ||     3
